Map: [ESL] Tropical Sacrifice

Players

DisK

  • Race: Protoss Protoss
  • Spawn Location: 1:00

Scarlett - Winner!

  • Race: Zerg Zerg
  • Spawn Location: 7:00

Event: DreamHack SC2 Masters 2022 Atlanta (Online)

VOD

Have the link to the VOD?

Description

Time

  • Played on: Oct. 8, 2022, 5:37 p.m.
  • Length: 7:47

All games in this series

Show
View Real Time Build Order
Export as new Build Order

DisK Protoss 

Build Orders: 1 Gate Expand 

Get SALT Encoding   

  12  0:00  Probe  
  13  0:12  Probe  
  14  0:20  Pylon  
  14  0:24  Probe  
  15  0:38  Probe (Chrono Boost)  
  15  0:40  Gateway  
  16  0:47  Probe (Chrono Boost)  
  16  0:49  Assimilator  
  17  0:53  Probe  
  18  1:05  Probe  
  19  1:17  Probe  
  20  1:27  Nexus  
  20  1:36  Cybernetics Core  
  20  1:41  Probe  
  20  1:46  Assimilator  
  21  1:53  Probe  
  22  1:58  Pylon  
  22  2:05  Probe (Chrono Boost)  
  23  2:13  Adept (Chrono Boost), Warp Gate  
  23  2:17  Probe (Chrono Boost)  
  26  2:23  Twilight Council  
  26  2:25  Probe  
  27  2:35  Stalker (Chrono Boost)  
  27  2:37  Probe  
  27  2:41  Probe  
  31  2:51  Probe  
  31  2:53  Probe  
  33  3:02  Resonating Glaives (Chrono Boost)  
  33  3:03  Adept, Probe  
  36  3:06  Probe  
  37  3:14  Gateway  
  37  3:19  Gateway  
  37  3:21  Probe  
  37  3:23  Probe  
  39  3:34  Probe  
  40  3:35  Probe  
  40  3:36  Pylon  
  40  3:39  Adept  
  43  3:43  Robotics Facility  
  43  3:47  Probe  
  44  3:49  Probe  
  44  3:54  Assimilator  
  45  3:59  Probe  
  45  4:01  Probe  
  47  4:06  Pylon  
  47  4:11  Probe  
  47  4:13  Adept  
  47  4:16  Adept  
  52  4:17  Probe  
  52  4:24  Probe  
  54  4:26  Adept  
  54  4:28  Warp Prism (Chrono Boost)  
  56  4:34  Probe  
  56  4:37  Pylon  
  59  4:40  Adept  
  61  4:52  Pylon  
  61  4:53  Nexus  
  61  4:57  Charge  
  62  5:00  Observer  
  62  5:03  Adept x3  
  68  5:12  Probe  
  69  5:16  Probe  
  70  5:21  Immortal (Chrono Boost)  
  70  5:25  Pylon  
  75  5:28  Adept  
  75  5:31  Adept  
  75  5:35  Adept  
  78  5:41  Gateway  
  78  5:43  Gateway  
  78  5:46  Probe x2  
  78  5:48  Adept  
  82  5:58  Immortal (Chrono Boost)  
  82  6:01  Probe x2  
  86  6:05  Shield Battery  
  86  6:07  Probe  
  87  6:12  Gateway  
  87  6:13  Gateway  
  87  6:14  Gateway  
  87  6:22  Probe x2  
  87  6:23  Observer, Probe  
  90  6:28  Immortal (Chrono Boost)  
  90  6:29  Zealot  
  96  6:33  Pylon  
  96  6:36  Zealot, Pylon  
  98  6:40  Pylon  
  98  6:42  Adept  
  100  6:52  Zealot x3  
  106  6:59  Zealot  
  103  7:08  Zealot  
  103  7:09  Zealot x3  
  111  7:26  Zealot x4  
  111  7:29  Zealot x4  
  87  7:40  Zealot x3  
  87  7:41  Zealot  
Show
View Real Time Build Order
Export as new Build Order

Scarlett Zerg - Winner!

Build Orders: Hatch First 

Get SALT Encoding   

  12  0:00  Drone  
  13  0:12  Overlord  
  13  0:17  Drone  
  14  0:31  Drone x2  
  16  0:49  Hatchery  
  15  0:52  Drone  
  15  0:56  Drone  
  17  0:59  Drone  
  18  1:10  Extractor  
  17  1:14  Spawning Pool  
  17  1:18  Drone  
  17  1:21  Drone  
  18  1:28  Drone  
  19  1:39  Drone  
  20  1:52  Drone  
  21  2:01  Queen x2  
  21  2:02  Overlord  
  21  2:03  Zergling x2  
  26  2:11  Drone  
  26  2:12  Drone  
  26  2:15  Metabolic Boost  
  28  2:23  Drone x2  
  30  2:36  Hatchery  
  29  2:38  Drone  
  30  2:44  Queen  
  30  2:48  Drone  
  33  2:52  Overlord  
  33  2:55  Drone  
  33  2:57  Zergling x2  
  35  2:59  Drone  
  36  3:11  Drone x2  
  36  3:12  Queen  
  40  3:13  Drone x2  
  40  3:15  Drone  
  40  3:19  Drone  
  44  3:33  Overlord  
  44  3:35  Overlord  
  44  3:48  Drone x6  
  50  3:53  Queen  
  50  3:54  Roach Warren  
  50  3:55  Queen  
  53  3:58  Drone x4  
  58  4:02  Drone  
  58  4:03  Drone  
  58  4:09  Overlord  
  59  4:13  Extractor  
  59  4:16  Zergling x10  
  62  4:21  Overlord x2  
  62  4:23  Drone  
  63  4:25  Overlord  
  63  4:29  Overlord  
  63  4:35  Zergling x10  
  63  4:37  Zergling x4  
  70  4:44  Drone x2  
  71  4:49  Lair  
  71  4:50  Drone x4  
  75  4:53  Drone  
  75  4:54  Drone  
  75  4:57  Drone x3  
  80  5:00  Spore Crawler  
  80  5:01  Spore Crawler  
  80  5:06  Spore Crawler  
  80  5:07  Extractor  
  76  5:13  Roach x2  
  76  5:14  Roach x3  
  87  5:21  Roach x5  
  87  5:24  Roach x3  
  87  5:25  Extractor  
  87  5:26  Overlord  
  103  5:29  Zergling x4  
  103  5:35  Overlord x2  
  105  5:39  Evolution Chamber  
  104  5:43  Zergling x2, Overlord x2  
  104  5:47  Overseer  
  104  5:58  Drone x12  
  104  6:03  Glial Reconstitution  
  116  6:04  Extractor  
  116  6:07  Drone x2, Extractor  
  116  6:09  Drone  
  117  6:14  Overseer  
  117  6:17  Drone x2  
  119  6:20  Drone x3  
  119  6:22  Baneling Nest  
  119  6:25  Hatchery  
  120  6:26  Drone  
  120  6:29  Roach  
  123  6:34  Roach x4  
  123  6:39  Overlord x2  
  130  6:46  Overlord  
  130  6:47  Roach  
  130  6:48  Roach x3  
  130  6:53  Overlord x3  
  138  7:06  Drone x8  
  143  7:13  Baneling x3  
  143  7:14  Baneling x10  
  143  7:18  Roach  
  143  7:19  Roach x2  
  149  7:23  Roach x2  
  149  7:25  Zergling x6  
Tags
 
Add a new tag
Caveats
  • Supply blocks, unpowered buildings, or Contaminate may cause inaccurate times.
  • Supply counts are checked every 10 seconds.